 Dungeon Crawl Stone Soup version 0.30.0-17-ge0270778cf (webtiles) character file.

Game seed: 9977621182173214578

27 zazu2006 the Sneak (level 3, 0/28 HPs)
             Began as a Gnoll Wanderer on May 21, 2023.
             Frozen to death by an endoplasm (5 damage)
             ... on level 2 of the Dungeon.
             The game lasted 00:01:42 (1033 turns).

zazu2006 the Sneak (Gnoll Wanderer)                 Turns: 1033, Time: 00:01:44

Health: 0/28       AC:  6    Str: 12    XL:     3   Next: 10%
Magic:  7/7        EV:  9    Int: 13    God:
Gold:   53         SH:  3    Dex: 10    Spells: 7/7 levels left

rFire   . . .        a - +0 dagger
rCold   . . .        n - +0 buckler
rNeg    . . .        d - +0 scale mail
rPois   .            (no helmet)
rElec   .            (no cloak)
rCorr   .            (no gloves)
SInv    .            (no boots)
Will    .....        h - amulet of the acrobat
Stlth   ++           (no ring)
HPRegen 0.24/turn    (no ring)
MPRegen 0.10/turn

%: acrobat
@: no status effects
A: fangs 1, strong nose, distributed training
a: no special abilities


You were on level 2 of the Dungeon.
You visited 1 branch of the dungeon, and saw 2 of its levels.

You collected 53 gold pieces.

Inventory:

Hand Weapons
 a - a +0 dagger (weapon)
Missiles
 b - 2 atropa-tipped darts (quivered)
 c - a datura-tipped dart
Armour
 d - a +0 scale mail (worn)
 n - a +0 buckler (worn)
Jewellery
 h - an amulet of the acrobat (around neck)
 l - a ring of ice
Scrolls
 f - a scroll of vulnerability {unknown}
 g - a scroll of immolation {unknown}
 i - a scroll of identify {unknown}
 k - a scroll of butterflies {unknown}
 o - a scroll of noise {unknown}
Potions
 e - a potion of curing
 j - a potion of brilliance {unknown}
 m - a potion of might {unknown}


   Skills:
 + Level 2.5 Fighting
 + Level 0.6 Short Blades
 + Level 0.6 Long Blades
 + Level 0.6 Axes
 + Level 0.6 Maces & Flails
 + Level 0.6 Polearms
 + Level 0.6 Staves
 + Level 0.6 Ranged Weapons
 + Level 0.6 Throwing
 + Level 2.5 Armour
 + Level 4.5 Dodging
 + Level 5.9 Stealth
 + Level 0.6 Shields
 + Level 0.6 Unarmed Combat
 + Level 2.8 Spellcasting
 + Level 0.4 Conjurations
 + Level 0.4 Hexes
 + Level 0.4 Summonings
 + Level 0.4 Necromancy
 + Level 3.7 Translocations
 + Level 0.4 Transmutations
 + Level 0.4 Fire Magic
 + Level 0.4 Ice Magic
 + Level 0.4 Air Magic
 + Level 0.4 Earth Magic
 + Level 0.4 Poison Magic
 + Level 0.8 Invocations
 + Level 0.6 Evocations


You had 7 spell levels left.
You didn't know any spells.
Your spell library contained the following spells:

 Spells                   Type           Power      Damage    Failure   Level
 Blink                    Tloc           22%        N/A       50%         2
 Momentum Strike          Conj/Tloc      14%        3d8       73%         2


Dungeon Overview and Level Annotations

Branches:
Dungeon (2/15)

Altars:


Innate Abilities, Weirdness & Mutations

You have very sharp teeth.
Your uncanny sense of smell can sniff out nearby items.
Your experience applies equally to all skills.


Message History

The worm is heavily wounded.
The worm bites you.
You barely miss the worm.
The worm is moderately wounded.
The worm bites you.
You hit the worm. You bite the worm, but do no damage.
The worm is heavily wounded.
You hit the worm but do no damage.
The worm is heavily wounded.
The worm bites you!
* * * LOW HITPOINT WARNING * * *
You barely miss the worm.
The worm is moderately wounded.
An endoplasm comes into view.
The endoplasm quivers.
The endoplasm closely misses you. The endoplasm closely misses you.
The endoplasm misses you.
You see here an adder corpse.
The endoplasm attacks as you move away! The endoplasm completely misses you.
The endoplasm attacks as you move away! The endoplasm misses you.
The endoplasm attacks as you move away! The endoplasm misses you.
The endoplasm attacks as you move away! The endoplasm completely misses you.
The endoplasm attacks as you move away! The endoplasm misses you.
The endoplasm attacks as you move away! The endoplasm barely misses you.
The endoplasm attacks as you move away! The endoplasm completely misses you.
You hit the endoplasm.
The endoplasm is severely wounded.
The endoplasm freezes you.
You are frozen.
* * * LOW HITPOINT WARNING * * *
You barely miss the endoplasm.
The endoplasm is severely wounded.
The endoplasm hits you.
* * * LOW HITPOINT WARNING * * *
You hit the endoplasm.
The endoplasm is almost dead.
The endoplasm freezes you.
You are frozen.
You die...

#...## #......##.
###..# #......##†
##.## ###.#.####.
#..# ###...#.# #.
#####.###
########...###.# ##
#.......#
#......#.### #.#
#.......# #........#
#.#
#.......###........#
#.#
#.........#.J@.....#
#.#
#########.#......###
#.# #........#
##.......# #..##..##
##.##.## #.# .# #..
.. #### #


You could see an endoplasm.

Vanquished Creatures
  An adder (D:2)
  A worm (D:2)
  3 endoplasms
  A giant cockroach (D:1)
  3 hobgoblins
  A ball python (D:1)
  A bat (D:1)
  A frilled lizard (D:1)
  2 kobolds (D:1)
  A rat (D:2)
15 creatures vanquished.

Notes
Turn   | Place    | Note
-------+----------+-------------------------------------------
     0 | D:1      | zazu2006 the Gnoll Wanderer began the quest for the Orb.
     0 | D:1      | zazu2006 set off with the following items: a +0 dagger, 2
                  | atropa-tipped darts, a datura-tipped dart, a +0 scale mail,
                  | a potion of curing; and the following spells available to
                  | memorise: Blink, Momentum Strike.
     0 | D:1      | Reached XP level 1. HP: 17/17 MP: 4/4
   279 | D:1      | Reached XP level 2. HP: 23/23 MP: 5/5
   923 | D:2      | Reached XP level 3. HP: 17/28 MP: 7/7
  1033 | D:2      | Frozen to death by an endoplasm

Illustrated notes

Levels and vault maps discovered:
D:1:      dpeg_arrival_line_fractal, layout_basic, fountainhead
D:2:      layout_basic, hex_tiny

Action                     || total
---------------------------++-------
  Melee: Dagger            ||   114
         Bite              ||    10
   Stab: Sleeping          ||     4
 Armour: Scale mail        ||    25
  Dodge: Dodged            ||    45
  Block: Buckler           ||     1
